 Dungeon Crawl Stone Soup version 0.29-a0-1065-g47a6bb87d6 (webtiles) character file.

Game seed: 6027648549360065867

1334 nickcage the Basher (level 8, -5/64 HPs)
             Began as a Minotaur Abyssal Knight on Aug 18, 2022.
             Was an Elder of Lugonu.
             Splashed by a jelly's acid (7 damage)
             ... on level 5 of the Dungeon.
             The game lasted 00:07:55 (4359 turns).

nickcage the Basher (Minotaur Abyssal Knight)       Turns: 4359, Time: 00:07:57

Health: -5/64      AC: -6    Str: 20    XL:     8   Next: 34%
Magic:  8/8        EV:  7    Int:  7    God:    Lugonu [****..]
Gold:   192        SH:  5    Dex: 11    Spells: 7/7 levels left

rFire   + . .      SeeInvis .   n - +7 whip "Deuluts" {vorpal, rC+ rN+}
rCold   + . .      Faith    .   (no shield)
rNeg    + . .      Spirit   .   H - +0 chain mail
rPois   .          Reflect  +   (helmet restricted)
rElec   .          Harm     .   (no cloak)
rCorr   .          Rampage  .   q - +0 pair of gloves
Will    .....                   (no boots)
Stlth   ..........              u - amulet of reflection
HPRegen 0.20/turn               l - +4 ring of protection
MPRegen 0.11/turn               x - ring of protection from fire

@: corroded
A: horns 2, retaliatory headbutt
a: Renounce Religion, Depart the Abyss, Bend Space, Banish, Corrupt


You were on level 5 of the Dungeon.
You worshipped Lugonu.
Lugonu was greatly pleased with you.
You visited 1 branch of the dungeon, and saw 5 of its levels.
You visited the Abyss 1 time.
You also visited: Sewer.

You collected 192 gold pieces.

Inventory:

Hand Weapons
 a - a +1 mace
 n - the +7 whip "Deuluts" (weapon) {vorpal, rC+ rN+}
   (You found it on level 3 of the Dungeon)

   It inflicts extra damage upon your enemies.
   rC:        It protects you from cold.
   rN:        It protects you from negative energy.
 t - the +10 long sword "Sehereqi" {freeze, Will- Int+2 Dex+3}
   (You found it on level 3 of the Dungeon)

   It freezes those it strikes, dealing additional cold damage.
   It can also slow down cold-blooded creatures.
   Int:       It affects your intelligence (+2).
   Dex:       It affects your dexterity (+3).
   Will:      It decreases your willpower.
 y - the +10 long sword of Cataclysm {vorpal, rN+++ Str+2 Int-5 Dex-2}
   (You found it on level 4 of the Dungeon)

   It inflicts extra damage upon your enemies.
   Str:       It affects your strength (+2).
   Int:       It affects your intelligence (-5).
   Dex:       It affects your dexterity (-2).
   rN:        It renders you almost immune to negative energy.
Missiles
 f - 2 curare-tipped darts
 v - 3 boomerangs (quivered)
 D - 15 poisoned darts
Armour
 b - a +0 leather armour
 q - a +0 pair of gloves (worn)
 s - a +0 ring mail
 H - a +0 chain mail (worn)
Jewellery
 l - a +4 ring of protection (left hand)
 u - an amulet of reflection (around neck)
 x - a ring of protection from fire (right hand)
Wands
 B - a wand of roots (6)
 I - a wand of digging (5)
Scrolls
 c - 2 scrolls of teleportation
 e - 6 scrolls of identify
 k - 4 scrolls of blinking {unknown}
 m - a scroll of noise {unknown}
 r - 2 scrolls of fog {unknown}
 w - a scroll of immolation {unknown}
 A - a scroll of summoning {unknown}
 J - a scroll of magic mapping
Potions
 d - 3 potions of heal wounds
 g - 4 potions of attraction
 h - a potion of lignification {unknown}
 i - 2 potions of resistance {unknown}
 j - a potion of might {unknown}
 o - 2 potions of degeneration {unknown}
 p - 3 potions of haste
 z - 4 potions of curing {unknown}
 C - a potion of ambrosia {unknown}
 E - 2 potions of invisibility {unknown}
 F - a potion of magic {unknown}
 G - a potion of brilliance {unknown}


   Skills:
 - Level 3.6 Fighting
 + Level 11.9 Maces & Flails
 - Level 2.4 Armour
 - Level 1.1 Dodging
 - Level 3.0 Shields
 - Level 1.7 Invocations


You had 7 spell levels left.
You didn't know any spells.
Your spell library contained the following spells:

 Spells                   Type           Power      Damage    Failure   Level
 Summon Ice Beast         Ice/Summ       0%         N/A       100%        4
 Summon Mana Viper        Hex/Summ       0%         N/A       100%        5
 Monstrous Menagerie      Summ           0%         N/A       100%        7


Dungeon Overview and Level Annotations

Branches:
Dungeon (5/15)             Temple (0/1) D:5           Sewer (visited)

Altars:
Elyvilon
Okawaru


Innate Abilities, Weirdness & Mutations

You have a pair of horns on your head.
You reflexively headbutt those who attack you in melee.


Message History

You barely miss the bullfrog.
The bullfrog is heavily wounded.
The bullfrog hits you. You block the jelly's attack.
You whack the bullfrog!
You kill the bullfrog!
Lugonu accepts your kill.
You hit the jelly.
Your hands burn!
The jelly is lightly wounded.
The jelly hits you. The acid corrodes you!
You are splashed with acid!
You hit the jelly. The acid corrodes you!
Your hands burn!
The jelly is moderately wounded.
You hit the jelly.
Your hands burn!
The jelly is heavily wounded.
The jelly barely misses you.
You are too injured to fight recklessly!
You are too injured to fight recklessly!
You are too injured to fight recklessly!
You hit the jelly but do no damage.
Your hands burn!
The jelly is heavily wounded.
You hit the jelly.
Your hands burn!
The jelly is severely wounded.
The jelly hits you.
You are splashed with acid.
* * * LOW HITPOINT WARNING * * *
You hit the jelly but do no damage.
Your hands burn!
* * * LOW HITPOINT WARNING * * *
The jelly is severely wounded.
The jelly attacks as you move away! The jelly barely misses you.
You furiously retaliate!
You headbutt the jelly. The jelly attacks as you move away! The jelly hits you.
* * * LOW HITPOINT WARNING * * *
The acid corrodes you!
You are splashed with acid.
* * * LOW HITPOINT WARNING * * *
You hit the jelly but do no damage.
Your hands burn!
* * * LOW HITPOINT WARNING * * *
You headbutt the jelly, but do no damage.
The jelly is almost dead.
The jelly hits you.
* * * LOW HITPOINT WARNING * * *
The acid corrodes you!
You are splashed with acid!
You die...

*,,* *,* #.# #
#..******,*** #.# *
#..,,,,,,,,,* #.# *
#.#******,*,* #.# **
#.# ##########*****~
#.# #.'.......,,**~~
#.# ##.'.......,**~~~
#.####..#.....$.**~~~*
#....@J.#...)..#*~~~**
#.#######.....##~~~**,
#.# *....##≈~~**,, #.#
*[..##≈≈~**,,, #.#
*..##~~≈**,,,, #.#
*.##§~~**,,,,, ##.#
***~~~**,,,,,, #..#
**~~~**,,,,,,, #.)#
##§§~**,,,,,,,,


You could see a jelly.

Vanquished Creatures
  An ice beast (D:5)
  A centaur (D:5)
  2 phantoms (D:5)
  6 kobold brigands (Sewer)
  A bullfrog (D:5)
  2 hounds
  3 jellies
  4 orc priests (D:4)
  3 orc wizards (D:4)
  An iguana (D:5)
  3 gnolls (D:3)
  5 adders
  An ufetubus (D:5)
  A worm (D:1)
  A dart slug (D:2)
  5 orcs
  4 ball pythons
  6 endoplasms
  4 giant cockroaches
  7 goblins
  5 hobgoblins
  8 quokkas
  4 bats
  6 frilled lizards
  21 kobolds
  6 rats
111 creatures vanquished.

Vanquished Creatures (others)
  2 plants
2 creatures vanquished.

Grand Total: 113 creatures vanquished

Notes
Turn   | Place    | Note
-------+----------+-------------------------------------------
     0 | Abyss:1  | nickcage the Minotaur Abyssal Knight began the quest for
                  | the Orb.
     0 | Abyss:1  | Reached XP level 1. HP: 19/19 MP: 1/1
     1 | D:1      | Escaped the Abyss
   176 | D:1      | Reached skill level 3 in Maces & Flails
   185 | D:1      | Reached XP level 2. HP: 14/26 MP: 2/2
   443 | D:1      | Found a faded altar of an unknown god.
   942 | D:2      | Reached skill level 4 in Maces & Flails
  1082 | D:2      | You fall into a shaft and drop 2 floors!
  1091 | D:3      | Reached XP level 3. HP: 31/31 MP: 3/3
  1125 | D:3      | Identified the +7 whip "Deuluts" {vorpal, rC+ rN+}
  1708 | D:3      | Reached skill level 5 in Maces & Flails
  1708 | D:3      | Reached XP level 4. HP: 34/39 MP: 4/4
  1825 | D:3      | Identified the +10 long sword "Sehereqi" {freeze, Will-
                  | Int+2 Dex+3}
  1833 | D:3      | Found a white marble altar of Elyvilon.
  2273 | D:3      | Found an iron altar of Okawaru.
  2497 | D:3      | Reached skill level 6 in Maces & Flails
  2697 | D:4      | Reached XP level 5. HP: 41/45 MP: 5/5
  2753 | D:4      | Reached *** piety under Lugonu
  2842 | D:4      | Reached skill level 7 in Maces & Flails
  2866 | D:4      | Reached XP level 6. HP: 49/51 MP: 6/6
  2955 | D:4      | Identified the +10 long sword of Cataclysm {vorpal, rN+++
                  | Str+2 Int-5 Dex-2}
  3060 | D:4      | Reached skill level 8 in Maces & Flails
  3067 | D:4      | Reached skill level 1 in Shields
  3538 | D:5      | Entered Level 5 of the Dungeon
  3552 | D:5      | Reached skill level 9 in Maces & Flails
  3560 | D:5      | Found a glowing drain.
  3588 | Sewer    | Entered a sewer
  3613 | Sewer    | Reached XP level 7. HP: 57/57 MP: 7/7
  3638 | Sewer    | Reached skill level 10 in Maces & Flails
  3766 | Sewer    | Reached **** piety under Lugonu
  4008 | D:5      | Found a staircase to the Ecumenical Temple.
  4089 | D:5      | Reached skill level 11 in Maces & Flails
  4089 | D:5      | Reached XP level 8. HP: 58/64 MP: 8/8
  4359 | D:5      | HP: 3/64 [acid (1)]
  4359 | D:5      | Splashed by a jelly's acid

Illustrated notes

Levels and vault maps discovered:
D:1:      zaba_arrival_water, layout_rooms, serial_glass, glass_columns_b,
          glass_columns_a, shapermc_ecumenical_altar_ellora, nicolae_wormholes
D:2:      layout_loops_ring
D:3:      layout_basic, okawaru_altar_gauntlet_db, elyvilon_altar_3
D:4:      layout_loops_ring
D:5:      layout_loops_ring, minmay_temple_entry_large_hall,
          portal_sewer_entry_f, kennysheep_opposing_triangles

Skill      XL: |  1  2  3  4  5  6  7  8 |
---------------+-------------------------+-----
Maces & Flails | 3 4 5 6 7 9 11 | 11.9
Shields        | 1 2 3 |  3.0
Fighting       | |  3.6
Armour         | |  2.4
Dodging        | |  1.1
Invocations    | |  1.7

Action                   |  1- 3 |  4- 6 |  7- 9 || total
-------------------------+-------+-------+-------++-------
Melee: Mace              |    39 |       |       ||    39
       Headbutt          |     4 |    14 |    12 ||    30
       Whip              |    10 |    96 |    94 ||   200
       Punch             |       |     3 |       ||     3
  Use: Scroll            |       |     4 |       ||     4
Armor: Leather armour    |    11 |       |       ||    11
       Ring mail         |     2 |    26 |    14 ||    42
       Chain mail        |       |       |     7 ||     7
Dodge: Dodged            |    26 |    31 |    29 ||    86
Block: Other             |       |    17 |    17 ||    34
       Reflection        |       |     2 |       ||     2

Table legend: (Time is in decaauts)
 A = Elapsed time spent in this place.
 B = Non-inter-level travel time spent in this place.
 C = Inter-level travel time spent in this place.
 D = Time resting spent in this place.
 E = Time spent auto-exploring this place.
 F = Levels seen in this place.
 G = Mean time per level.
                   A        B        C        D        E       F      G
               +--------+--------+--------+--------+--------+-----+--------+
         Total |   4328 |   4252 |     76 |    159 |   3466 |   7 |  618.3 |
       Dungeon |   3932 |   3856 |     76 |    100 |   3248 |   5 |  786.4 |
         Abyss |      1 |      1 |      0 |      0 |      0 |   1 |    1.0 |
         Sewer |    395 |    395 |      0 |     59 |    218 |   1 |  395.0 |
               +--------+--------+--------+--------+--------+-----+--------+

Top non-repeatable levels by time:
     D:3: 1067 daAuts
     D:1: 948 daAuts
     D:4: 850 daAuts
     D:2: 663 daAuts
     D:5: 402 daAuts
   Sewer: 395 daAuts
 Abyss:1: 1 daAuts
